 Dungeon Crawl Stone Soup version 0.32-a0-540-g866d13106e (webtiles) character file.

Game seed: 12720674393587407018

2266 lunkers the Carver (level 9, -5/71 HPs)
             Began as a Coglin Gladiator on Feb 28, 2024.
             Was a Priest of Makhleb.
             Slain by a gnoll sergeant
             ... wielding a +1 trident of freezing
              (15 damage)
             ... on level 6 of the Dungeon.
             The game lasted 00:08:01 (4500 turns).

lunkers the Carver (Coglin Gladiator)               Turns: 4500, Time: 00:08:01

Health: -5/71      AC:  9    Str: 19    XL:     9   Next: 38%
Magic:  9/9        EV: 10    Int:  8    God:    Makhleb [***...]
Gold:   267        SH:  0    Dex: 15    Spells: 8/8 levels left

rFire   . . .        a - +0 long sword {Arun}
rCold   . . .        D - +2 dagger (drain) {Narong}
rNeg    . . .        h - +0 scale mail
rPois   .            c - +0 helmet
rElec   .            k - +0 cloak
rCorr   .            p - +0 pair of gloves
SInv    .            (no boots)
Will    .....        (no amulet) Stlth
                     (ring unavailable)
HPRegen 0.31/turn    (ring unavailable)
MPRegen 0.11/turn

%: no passive effects
@: revved
A: off-hand wielding, slow wielding, warmup strikes, no rings
a: Renounce Religion, Minor Destruction, Lesser Servant of Makhleb


You were on level 6 of the Dungeon.
You worshipped Makhleb.
Makhleb was most pleased with you.
You visited 1 branch of the dungeon, and saw 6 of its levels.

You collected 267 gold pieces.

Inventory:

Hand Weapons
 a - a +0 long sword (weapon) {Arun}
 f - a +0 short sword {Zihan}
 t - a +0 long sword {Gnaeus}
 D - a +2 dagger of draining (offhand) {Narong}
Missiles
 d - 3 throwing nets
 e - 9 javelins
 o - 3 curare-tipped darts
 r - 2 boomerangs
Armour
 c - a +0 helmet (worn)
 h - a +0 scale mail (worn)
 k - a +0 cloak (worn)
 p - a +0 pair of gloves (worn)
Jewellery
 E - an amulet of faith
Wands
 w - a wand of flame (17)
 I - a wand of paralysis (7)
Scrolls
 b - a scroll of fog {unknown}
 g - a scroll of silence {unknown}
 m - 8 scrolls of identify {unknown}
 q - a scroll of amnesia {unknown}
 u - a scroll of torment {unknown}
 y - a scroll of vulnerability {unknown}
 F - a scroll of revelation {unknown}
 G - 2 scrolls of enchant weapon {unknown}
 J - 2 scrolls of poison {unknown}
 K - a scroll of noise {unknown}
 L - a scroll of teleportation {unknown}
 M - a scroll of immolation {unknown}
Potions
 i - 2 potions of mutation {unknown}
 j - a potion of lignification {unknown}
 l - 2 potions of ambrosia {unknown}
 n - a potion of haste {unknown}
 s - a potion of attraction {unknown}
 v - 2 potions of degeneration {unknown}
 x - a potion of invisibility {unknown}
 z - 2 potions of heal wounds {unknown}
 A - 2 potions of enlightenment {unknown}
 B - a potion of magic {unknown}
 C - a potion of brilliance {unknown}
 H - 2 potions of curing {unknown}


   Skills:
 + Level 6.4 Fighting
 - Level 10.0 Long Blades
 - Level 1.7 Throwing
 - Level 2.6 Dodging
 - Level 6.0 Evocations


You had 8 spell levels left.
You didn't know any spells.
Your spell library contained the following spells:

 Spells                   Type           Power      Damage    Failure   Level
 Kiss of Death            Conj/Necr      0%         2d5       80%         1
 Confusing Touch          Hex            0%         N/A       99%         3
 Dispel Undead            Necr           0%         3d6       100%        4


Dungeon Overview and Level Annotations

Branches:
Dungeon (6/15)             Temple (0/1) D:4

Altars:
Elyvilon
Kikubaaqudgha
Makhleb
Ru
Sif Muna
Wu Jian
Xom

Shops:
D:4 !


Innate Abilities, Weirdness & Mutations

You can wield a second weapon in your off-hand.
It takes a long time for you to wield or remove held weapons.
Your first few attacks do less damage.
Your grasper-arms cannot wear rings.


Message History

Makhleb accepts your kill.
Training target 10.0 for Long Blades reached!
Your Long Blades skill increases to level 10!
Unknown command.
The gnoll barely misses you.
You hit the gnoll but do no damage.
You barely miss the gnoll with your +0 long sword.
The gnoll hits you with a +0 halberd!
* * * LOW HITPOINT WARNING * * *
You hit the gnoll with your +2 dagger of draining.
You drain the gnoll.
The gnoll is moderately wounded.
You barely miss the gnoll with your +0 long sword.
The gnoll sergeant barely misses you. The gnoll hits you but does no damage.
Unknown command.
You slash the gnoll with your +0 long sword!
The gnoll is almost dead.
You hit the gnoll with your +2 dagger of draining.
You kill the gnoll!
Makhleb accepts your kill.
You feel better.
The gnoll sergeant hits you but does no damage.
Unknown command.
The gnoll sergeant hits you with a +1 trident of freezing.
* * * LOW HITPOINT WARNING * * *
The gnoll sergeant freezes you.
* * * LOW HITPOINT WARNING * * *
You see here a +0 halberd.
You hit the gnoll sergeant with your +0 long sword.
The gnoll sergeant is lightly wounded.
You hit the gnoll sergeant with your +2 dagger of draining.
The gnoll sergeant hits you with a +1 trident of freezing!
* * * LOW HITPOINT WARNING * * *
The gnoll sergeant freezes you.
* * * LOW HITPOINT WARNING * * *
You hit the gnoll sergeant but do no damage.
The gnoll sergeant is moderately wounded.
You hit the gnoll sergeant but do no damage.
The gnoll sergeant hits you with a +1 trident of freezing!
You die...

#.........#..............
##........#..................
##.#........................
#.##..#....##...............
#####...####................
#......#..###..###.........
#................##.........
#)≈≈≈≈≈≈≈≈≈.g.....#.........
#)≈......§≈@#####.........#
#....≈≈≈≈.§.#.# ##........#.
#.≈§≈..§≈.≈.))####.)........
#.≈§≈._§§§≈.#<....[.........
#.≈.≈...≈.≈.#..[÷#....##....
#.≈.≈≈≈§≈.≈...#.[#......##..
#.≈.......≈....[[.........#
#.≈≈≈≈≈≈≈≈≈..#.##........##
.........###......#.##


You could see a gnoll sergeant.

Vanquished Creatures
  Grinder (D:3)
  A troll (D:6)
  Prince Ribbit (D:5)
  A water moccasin (D:5)
  2 black bears (D:5)
  An orc warrior (D:6)
  A sky beast (D:6)
  An ogre (D:5)
  A kobold brigand (D:5)
  4 scorpions
  A howler monkey (D:5)
  A vampire bat (D:5)
  A bombardier beetle (D:5)
  3 jellies
  3 hounds (D:5)
  5 iguanas
  4 orc wizards
  A mummy (D:5)
  6 gnolls
  6 adders
  A white imp (D:6)
  2 ufetubi (D:5)
  2 dart slugs (D:4)
  A ribbon worm (D:5)
  21 orcs
  3 ball pythons
  A bat skeleton (D:5)
  5 bat zombies (D:5)
  2 giant cockroaches
  4 goblins
  2 hobgoblins
  5 kobolds
  4 quokkas
  2 bats
  3 frilled lizards
  3 rats
106 creatures vanquished.

Vanquished Creatures (others)
  A phantom (D:4)
1 creature vanquished.

Grand Total: 107 creatures vanquished

Notes
Turn   | Place    | Note
-------+----------+-------------------------------------------
     0 | D:1      | lunkers the Coglin Gladiator began the quest for the Orb.
     0 | D:1      | Reached XP level 1. HP: 16/16 MP: 1/1
   103 | D:1      | Found a faded altar of an unknown god.
   186 | D:1      | Prayed at the altar of an unknown god.
   186 | D:1      | Became a worshipper of Makhleb the Destroyer
   186 | D:1      | Reached * piety under Makhleb
   326 | D:1      | Reached XP level 2. HP: 22/22 MP: 2/2
   626 | D:2      | Reached skill level 4 in Long Blades
   626 | D:2      | Reached XP level 3. HP: 26/27 MP: 3/3
   952 | D:3      | Found a sacrificial altar of Ru.
   990 | D:3      | Noticed Grinder
   995 | D:3      | Paralysed by Grinder for 2 turns
  1002 | D:3      | Paralysed by Grinder for 3 turns
  1010 | D:3      | Paralysed by Grinder for 2 turns
  1016 | D:3      | Killed Grinder
  1017 | D:3      | Reached skill level 6 in Long Blades
  1017 | D:3      | Reached XP level 4. HP: 13/33 MP: 4/4
  1017 | D:3      | Reached XP level 5. HP: 15/38 MP: 5/5
  1017 | D:3      | Reached XP level 6. HP: 17/44 MP: 6/6
  1559 | D:4      | Reached skill level 7 in Long Blades
  1722 | D:4      | Found a staircase to the Ecumenical Temple.
  1804 | D:4      | Reached ** piety under Makhleb
  1873 | D:4      | Found Abych's Distillery.
  1902 | D:4      | Found a shimmering altar of Xom.
  1944 | D:4      | Identified the +0 pair of boots of Xesymur {rF+ rC+ Will+}
  2248 | D:5      | Entered Level 5 of the Dungeon
  2258 | D:5      | Reached XP level 7. HP: 49/50 MP: 7/7
  2333 | D:5      | Found an ornate altar of the Wu Jian Council.
  2429 | D:5      | Found an ancient bone altar of Kikubaaqudgha.
  2429 | D:5      | Noticed Prince Ribbit
  2438 | D:5      | Killed Prince Ribbit
  2439 | D:5      | Reached skill level 8 in Long Blades
  2868 | D:5      | Reached skill level 1 in Evocations
  2868 | D:5      | Reached XP level 8. HP: 60/60 MP: 8/8
  3045 | D:5      | Found a white marble altar of Elyvilon.
  3065 | D:5      | Reached skill level 9 in Long Blades
  3315 | D:5      | Reached skill level 5 in Fighting
  3394 | D:5      | Reached *** piety under Makhleb
  3688 | D:5      | Reached skill level 5 in Evocations
  3994 | D:6      | Reached XP level 9. HP: 18/68 MP: 9/9
  4003 | D:6      | Found a shimmering blue altar of Sif Muna.
  4251 | D:6      | Upgraded the game from 0.32-a0-520-g344ed53f66 to
                  | 0.32-a0-540-g866d13106e
  4339 | D:6      | Noticed a troll
  4493 | D:6      | Killed a troll
  4494 | D:6      | Reached skill level 10 in Long Blades
  4500 | D:6      | Slain by a gnoll sergeant

Illustrated notes

Levels and vault maps discovered:
D:1:      doesnt_arrival_eight_statues, layout_rooms,
          hellmonk_ecumenical_altar_heavens_door, minmay_close_crescents
D:2:      layout_rooms, hangedman_decor_clover_reticule
D:3:      layout_basic, nicolae_ru_awakened_eye, kennysheep_decorative_pillar,
          uniq_grinder
D:4:      layout_basic, regret_index_xom_buried_treasure,
          minmay_temple_entry_statues_pillars, serial_shops,
          nicolae_shop_window_shopping
D:5:      minmay_clustersquares, layout_cave_pods,
          mainiacjoe_overflow_boulevard, elyvilon_altar_5,
          kennysheep_vampire_church, gup_ossuary_entry_pyramid,
          minmay_pentangle, uniq_prince_ribbit1
D:6:      lemuel_slime, layout_cave_pools,
          mainiacjoe_overflow_concentric_impassable,
          cheibrodos_sewer_entry_bend, uniq_maggie

Skill      XL: |  1  2  3  4  5  6  7  8  9 |
---------------+----------------------------+-----
Long Blades    | 4 6 7 8 9 10 | 10.0
Fighting       | 3 5 6 |  6.4
Evocations     | 1 5 6 |  6.0
Throwing       | |  1.7
Dodging        | |  2.6

Action                     |  1- 3 |  4- 6 |  7- 9 || total
---------------------------+-------+-------+-------++-------
  Melee: Long sword        |    65 |    85 |   210 ||   360
         Short sword       |    26 |       |       ||    26
         Dagger            |       |    11 |   209 ||   220
 Armour: Leather armour    |     8 |       |       ||     8
         Scale mail        |    21 |    40 |   218 ||   279
  Dodge: Dodged            |    29 |    16 |   134 ||   179
         Repelled          |     1 |     2 |     1 ||     4

Table legend: (Time is in decaauts)
 A = Elapsed time spent in this place.
 B = Non-inter-level travel time spent in this place.
 C = Inter-level travel time spent in this place.
 D = Time resting spent in this place.
 E = Time spent auto-exploring this place.
 F = Levels seen in this place.
 G = Mean time per level.
                   A        B        C        D        E       F      G
               +--------+--------+--------+--------+--------+-----+--------+
         Total |   4471 |   4377 |     94 |    105 |   3509 |   6 |  745.2 |
       Dungeon |   4471 |   4377 |     94 |    105 |   3509 |   6 |  745.2 |
               +--------+--------+--------+--------+--------+-----+--------+

Top non-repeatable levels by time:
     D:5: 1809 daAuts
     D:4: 704 daAuts
     D:3: 663 daAuts
     D:1: 483 daAuts
     D:6: 406 daAuts
     D:2: 403 daAuts
